[Event "Schack-SM 2024: Mastarklassen"]
[Site "Fortnox Arena, Hejaregatan 5, Vaxjo, Sweden"]
[Date "2024.07.07"]
[Round "9.3"]
[White "Muntean, Victor"]
[Black "Nygren, David"]
[Result "0-1"]
[TimeControl "90 minutes for 40 moves + 30 minutes for the rest of the game + 30 seconds per move from move one."]
[WhiteElo "2136"]
[BlackElo "2132"]

1. e4 e6 2. d4 d5 3. e5 c5 4. c3 Nc6 5. Nf3 Nge7 6. Bd3 cxd4 7. O-O dxc3 8. Nxc3 Ng6 9. Re1 Be7 10.
a3 Bd7 11. Qc2 Rc8 12. Qb1 Na5 13. Bc2 Nc4 14. b3 Nxa3 15. Bxa3 Bxa3 16. Nxd5 Bc5 17. Ne3 Qc7 18. Nc4 b5 19.
Bxg6 bxc4 20. Bxh7 Qb6 21. Re2 cxb3 22. Ng5 Bd4 23. Nxf7 b2 24. Nd6+ Ke7 0-1

[Event "Schack-SM 2024: Mastarklassen"]
[Site "Fortnox Arena, Hejaregatan 5, Vaxjo, Sweden"]
[Date "2024.07.07"]
[Round "9.4"]
[White "Collett, Peter"]
[Black "Joensson, Jacob"]
[Result "1/2-1/2"]
[TimeControl "90 minutes for 40 moves + 30 minutes for the rest of the game + 30 seconds per move from move one."]
[WhiteTitle "CM"]
[WhiteElo "2116"]
[BlackElo "2068"]

1. d4 Nf6 2. c4 e6 3. Nc3 d5 4. cxd5 exd5 5. Bg5 c6 6. Qc2 Be7 7. e3 Nbd7 8. Bd3 Nh5 9. Bxe7 Qxe7 10.
O-O-O Nb6 11. h3 g6 12. g4 Ng7 13. Nf3 Bd7 14. Kb1 O-O-O 15. a4 Qb4 16. Ne5 Rhf8 17. Be2 Ne6 18. b3 Kb8 19.
Ka2 f5 20. f4 g5 21. gxf5 Ng7 22. Rdg1 Nxf5 23. Rxg5 Nxe3 24. Qd3 Nf5 25. Nxd7+ Nxd7 26. Rxf5 Rxf5 27. Qxf5 Qxc3 28. Qd3 Qxd3 29.
Bxd3 Rf8 30. Bxh7 Rxf4 31. Rd1 Nf6 32. Bc2 Ne4 33. Bxe4 Rxe4 34.
Rd3 Kc7 35. Kb2 Kd6 36. Kc3 b6 37. Rg3 Rh4 38. Rg6+ Kc7 39. Rg7+ Kd6 40. Rg6+ Kc7 41. Rg7+ Kd6 1/2-1/2

[Event "Schack-SM 2024: Mastarklassen"]
[Site "Fortnox Arena, Hejaregatan 5, Vaxjo, Sweden"]
[Date "2024.07.07"]
[Round "9.5"]
[White "Walinder, Lars"]
[Black "Lind, Jan-Olov"]
[Result "1-0"]
[TimeControl "90 minutes for 40 moves + 30 minutes for the rest of the game + 30 seconds per move from move one."]
[WhiteTitle "FM"]
[WhiteElo "2233"]
[BlackElo "2135"]

1. c4 c5 2. Nf3 Nc6 3. d4 cxd4 4. Nxd4 g6 5. e4 Bg7 6. Be3 Nf6 7. Nc3 O-O 8. Be2 d6 9. O-O Bd7 10.
Qd2 Nxd4 11. Bxd4 Bc6 12. f3 a5 13. b3 Nd7 14. Be3 Nc5 15. Rab1 e6 16. Bd1 Qc7 17. Bc2 Rfd8 18. Rfd1 Be5 19.
Bd4 b6 20. a3 a4 21. b4 Nb3 22. Bxb3 axb3 23. Rxb3 Be8 24. Qe2 Rdc8 25. Bxe5 dxe5 26. Nb5 Qxc4 27. Qxc4 Rxc4 28. Nd6 Ba4 29.
Nxc4 Bxb3 30. Nxb6 Rxa3 31. Rb1 Bc2 32. Rb2 Bd3 33. Nd7 Bb5 34. Nxe5 h5 35. h4 Kg7 36. Rc2 Rb3 37. Rc7 Be8 38.
Rb7 Rc3 39. Kf2 Kf8 40. Nd7+ Bxd7 41. Rxd7 Rc2+ 42. Kg3 Rb2 43. Rb7 Kg7 44. b5 Kf6 45. b6 Kg7 46. e5 Rb4 47. Rb8 Kh7 48.
f4 Rb3+ 49. Kf2 Kg7 50. g3 Kh7 51. Ke2 Kg7 52. Kd2 Rxg3 53. Kc2 Rg2+ 54. Kc3 Rg3+ 55. Kc4 Rg4 56. b7 Rxf4+ 57. Kc5 Rf1 58.
Ra8 Rb1 59. b8=Q Rxb8 60. Rxb8 1-0

[Event "Schack-SM 2024: Mastarklassen"]
[Site "Fortnox Arena, Hejaregatan 5, Vaxjo, Sweden"]
[Date "2024.07.07"]
[Round "9.6"]
[White "Mardell, Jimmy"]
[Black "Johnson, Daniel"]
[Result "1-0"]
[TimeControl "90 minutes for 40 moves + 30 minutes for the rest of the game + 30 seconds per move from move one."]
[WhiteElo "2186"]
[BlackElo "2126"]

1. e4 e5 2. Nf3 Nc6 3. Bc4 Nf6 4. d3 Bc5 5. c3 d6 6. O-O O-O 7. Re1 a5 8. d4 Ba7 9. Bb5 Bd7 10.
Bg5 h6 11. Bh4 exd4 12. cxd4 Bg4 13. Bxc6 bxc6 14. Nc3 Bxf3 15. gxf3 Rb8 16. Qd2 g5 17. Bg3 Nh5 18. Ne2 Qf6 19.
Qxa5 Bxd4 20. Nxd4 Qxd4 21. Rad1 Qf6 22. Re3 Rxb2 23. Qxc7 Nxg3 24. hxg3 Rxa2 25. Qxc6 Qb2 26. Rf1 Qe5 27.
Rd3 Rb8 28. Rd5 Qf6 29. Rxd6 Qxf3 30. Rf6 Rc2 31. Qd6 Qb3 32. Rxh6 Qb2 33. e5 Re8 34. Qf6 1-0

[Event "Schack-SM 2024: Mastarklassen"]
[Site "Fortnox Arena, Hejaregatan 5, Vaxjo, Sweden"]
[Date "2024.07.07"]
[Round "9.7"]
[White "Ask, Josef"]
[Black "Bjorkman, Filip"]
[Result "1-0"]
[TimeControl "90 minutes for 40 moves + 30 minutes for the rest of the game + 30 seconds per move from move one."]
[WhiteTitle "FM"]
[WhiteElo "2136"]
[BlackElo "2116"]

1. c4 c6 2. b3 Nf6 3. Bb2 d5 4. Nf3 Bf5 5. d3 Nbd7 6. Nbd2 a5 7. a3 Qc7 8. Rc1 Qd6 9. cxd5 cxd5 10.
Nd4 Ng4 11. Nxf5 Qf4 12. f3 Nde5 13. fxg4 Nxg4 14. Nf3 Qxf5 15. h3 Qh5 16. hxg4 Qxh1 17. Qc2 Qh6 18. Qc7 Qa6 19. Ne5 Rd8 20.
Bd4 1-0

[Event "Schack-SM 2024: Mastarklassen"]
[Site "Fortnox Arena, Hejaregatan 5, Vaxjo, Sweden"]
[Date "2024.07.07"]
[Round "9.8"]
[White "Dingertz, Erik"]
[Black "Liden, Tommy"]
[Result "0-1"]
[TimeControl "90 minutes for 40 moves + 30 minutes for the rest of the game + 30 seconds per move from move one."]
[WhiteElo "2081"]
[BlackElo "2123"]

1. d4 d5 2. c4 e6 3. Nf3 c6 4. g3 dxc4 5. Bg2 b5 6. a4 Bb7 7. Ne5 Qc8 8. b3 c5 9. d5 f6 10.
Ng4 cxb3 11. Qxb3 b4 12. Nd2 exd5 13. Bxd5 Bxd5 14. Qxd5 Qc6 15. e4 Qxd5 16. exd5 Ne7 17. Ne3 a5 18.
Ndc4 Nc8 19. O-O Nd7 20. Re1 Kf7 21. Bb2 Ndb6 22. Rad1 Bd6 23. Nxb6 Nxb6 24. Nf5 Rhd8 25. Re6 Nc8 26.
Rc1 Bf8 27. Ne3 Rb8 28. Ra6 Nb6 29. Rxa5 Ra8 30. Rb5 Nxa4 31. Rb7+ Kg6 32. Rc4 h5 33. Ba1 Rdb8 34. Rc7 Nb6 35.
Rc1 Ra2 36. Ng2 Nxd5 37. Rd7 Nb6 38. Rc7 Bd6 39. Rc6 Nc8 40. Nh4+ Kf7 41. Nf5 Bf8 42. Rd1 Rba8 43. Bxf6 gxf6 44.
Rd7+ Ne7 45. Rxc5 b3 46. Rb7 b2 47. Kg2 R8a7 48. Rb6 Rd7 49. Nxe7 Bxe7 50. Rxh5 Kg6 51. Rhb5 Ba3 52. h4 Ra1 53.
h5+ Kg7 54. g4 Rdd1 55. Rb7+ Kh6 56. R7b6 b1=Q 57. g5+ Kxh5 58. gxf6+ Kg4 0-1

[Event "Schack-SM 2024: Mastarklassen"]
[Site "Fortnox Arena, Hejaregatan 5, Vaxjo, Sweden"]
[Date "2024.07.07"]
[Round "9.9"]
[White "Ostensson, Julia"]
[Black "Granath, Jonas"]
[Result "1/2-1/2"]
[TimeControl "90 minutes for 40 moves + 30 minutes for the rest of the game + 30 seconds per move from move one."]
[WhiteElo "2004"]
[BlackElo "1948"]

1. e4 e5 2. Nf3 Nc6 3. Nc3 Nf6 4. d4 exd4 5. Nxd4 Bb4 6. Nxc6 bxc6 7. Bd3 d5 8. exd5 O-O 9. O-O Bg4 10.
Ne2 cxd5 11. h3 Bh5 12. c4 dxc4 13. Bxc4 Bd6 14. Re1 Re8 15. Bg5 1/2-1/2

[Event "Schack-SM 2024: Mastarklassen"]
[Site "Fortnox Arena, Hejaregatan 5, Vaxjo, Sweden"]
[Date "2024.07.07"]
[Round "9.10"]
[White "Carlstrom, Niklas"]
[Black "Willstedt, Lukas"]
[Result "1-0"]
[TimeControl "90 minutes for 40 moves + 30 minutes for the rest of the game + 30 seconds per move from move one."]
[WhiteElo "2100"]
[BlackElo "2082"]

1. e4 e6 2. d4 d5 3. exd5 exd5 4. Nf3 Bd6 5. Bd3 Ne7 6. O-O O-O 7. h3 Bf5 8. Re1 Bxd3 9. Qxd3 Ng6 10.
Nc3 c6 11. Qf5 Qd7 12. Qh5 Qc7 13. Ng5 h6 14. Ne6 Qe7 15. Bg5 Qd7 16. Nxf8 Kxf8 17. Bd2 Na6 18. Ne2 Nc7 19. Ng3 Nf4 20.
Qf5 Nce6 21. Bxf4 Bxf4 22. Rxe6 Bxg3 23. Rae1 Bd6 24. Rxh6 Qxf5 25. Rh8# 1-0

[Event "Schack-SM 2024: Mastarklassen"]
[Site "Fortnox Arena, Hejaregatan 5, Vaxjo, Sweden"]
[Date "2024.07.07"]
[Round "9.11"]
[White "Joensson, Oscar"]
[Black "Sundin, Emanuel"]
[Result "0-1"]
[TimeControl "90 minutes for 40 moves + 30 minutes for the rest of the game + 30 seconds per move from move one."]
[WhiteElo "1989"]
[BlackElo "2165"]

1. d4 d5 2. c4 e5 3. dxe5 Ne7 4. Nf3 Nbc6 5. cxd5 Qxd5 6. Qxd5 Nxd5 7. a3 h6 8. e4 Nb6 9. Bb5 Bd7 10.
Nc3 O-O-O 11. Be3 g5 12. Rc1 Bg7 13. Bxc6 Bxc6 14. Nd4 Be8 15. Ncb5 Bxe5 16. Rc5 f6 17. Ne6 Rd7 18. Nxa7+ Kb8 19.
Nb5 Na4 20. Rc2 Bg6 21. f3 Re8 22. Nc5 Nxc5 23. Bxc5 f5 24. O-O fxe4 25. fxe4 Bxe4 26. Re2 Rd5 27. Ba7+ Ka8 28. Rxe4 Rxb5 29.
Ra4 b6 30. Bxb6+ Kb7 31. Bf2 Rxb2 32. Ra7+ Kb8 33. Ra6 Bd6 34. a4 Ree2 35. Ra5 Bf4 36. Rb5+ Rxb5 37. axb5 Rb2 38. Bd4 Rxb5 39.
g3 Be5 40. Rf8+ Kb7 41. Be3 Kc6 42. Rg8 Kd5 43. h4 Rb3 44. Bf2 gxh4 45. gxh4 Ke4 46. Kg2 Rb2 47. Rg4+ Kf5 48. Rc4 h5 49.
Rc6 Bd4 50. Rxc7 Rxf2+ 51. Kg3 Ra2 52. Rf7+ Kg6 53. Re7 Bf6 54. Re4 Ra3+ 55. Kf2 Ra2+ 56. Kf3 Ra3+ 57. Re3 Ra1 58. Re4 Rg1 59.
Rf4 Be5 60. Kf2 Rg4 0-1

[Event "Schack-SM 2024: Mastarklassen"]
[Site "Fortnox Arena, Hejaregatan 5, Vaxjo, Sweden"]
[Date "2024.07.07"]
[Round "9.12"]
[White "Karlsson, Jorgen"]
[Black "Lindborg, Patrik"]
[Result "1/2-1/2"]
[TimeControl "90 minutes for 40 moves + 30 minutes for the rest of the game + 30 seconds per move from move one."]
[WhiteElo "2020"]
[BlackElo "2162"]

1. c4 e5 2. Nc3 Nf6 3. g3 d5 4. cxd5 Nxd5 5. Bg2 Nb6 6. Nf3 Nc6 7. d3 Be7 8. O-O O-O 9. Be3 Be6 10.
Rc1 Nd5 11. Bd2 Qd7 12. a3 Rfd8 13. b4 f6 14. Ne4 Bf7 15. Nc5 Qc8 16. Qc2 Nb8 17. Rfd1 b6 18. Nb3 c6 19. d4 Qa6 20.
e4 Nc7 21. d5 Qa4 22. Bf1 Bd6 23. Bc4 b5 24. Bd3 Nxd5 25. Nc5 Qxc2 26. Bxc2 Bxc5 27. bxc5 Nc7 28. Ba5 Nba6 29. Rd6 Rdc8 30. Rxc6 Ne6 31. Rxa6 Nxc5 32. Rd6 Nb3 33. Bxb3 Rxc1+ 34. Rd1 Rac8 35. Bxf7+ Kxf7 36. Rxc1 Rxc1+ 37. Kg2 Ra1 38. Bb4 a5 39. Bxa5 Rxa3 40. Bb6 Ke6 41. Nd2 g6 42. Kf1 h5 43.
h4 g5 44. hxg5 fxg5 45. Bd8 g4 46. Bb6 Kd6 47. Ke2 h4 48. gxh4 Rh3 49. Nf1 b4 50. Be3 Rxh4 51. Kd3 Rh1 52.
Nd2 Rh3 53. Kc4 g3 54. fxg3 Rxg3 55. Bc5+ Kc6 56. Bxb4 Rh3 57. Nb1 Re3 58. Nc3 Re1 59. Kd3 Rh1 60. Nd5 Rh3+ 61. Kc4 Rh1 62.
Nf6 Rc1+ 63. Kd3 Rb1 64. Kc3 Rc1+ 65. Kd2 Rf1 66. Ng4 Rf4 67. Nxe5+ Kb5 68. Ke3 Rxe4+ 69. Kxe4 Kxb4 70. Nc4 Kxc4 1/2-1/2

[Event "Schack-SM 2024: Mastarklassen"]
[Site "Fortnox Arena, Hejaregatan 5, Vaxjo, Sweden"]
[Date "2024.07.07"]
[Round "9.13"]
[White "Malm, Simon 1995"]
[Black "Arvidsson, Jonas"]
[Result "1-0"]
[TimeControl "90 minutes for 40 moves + 30 minutes for the rest of the game + 30 seconds per move from move one."]
[WhiteElo "1948"]
[BlackElo "1960"]

1. d4 Nf6 2. c4 c5 3. d5 b5 4. cxb5 a6 5. bxa6 g6 6. Nc3 Bxa6 7. e4 Bxf1 8. Kxf1 d6 9. Nf3 Bg7 10.
g3 O-O 11. Kg2 Nbd7 12. a4 Qa5 13. Bd2 Ng4 14. Nb5 Qb6 15. Qc2 Rfc8 16. Bc3 Nde5 17. h3 Nxf3 18. Bxg7 Kxg7 19. hxg4 Nd4 20.
Nxd4 cxd4 21. Qd2 Rh8 22. b4 Rac8 23. a5 Qb5 24. Qxd4+ f6 25. Rhc1 Kf7 26. Rxc8 Rxc8 27. a6 Ke8 28.
g5 f5 29. a7 1-0

[Event "Schack-SM 2024: Mastarklassen"]
[Site "Fortnox Arena, Hejaregatan 5, Vaxjo, Sweden"]
[Date "2024.07.07"]
[Round "9.1"]
[White "Tuomainen, Felix"]
[Black "Ljung, Harald"]
[Result "1/2-1/2"]
[TimeControl "90 minutes for 40 moves + 30 minutes for the rest of the game + 30 seconds per move from move one."]
[WhiteTitle "FM"]
[WhiteElo "2255"]
[BlackElo "2101"]

1. d4 Nf6 2. c4 e6 3. Nf3 d5 4. g3 Be7 5. Bg2 O-O 6. O-O c6 7. Qc2 Nbd7 8. Nbd2 b6 9. e4 Bb7 10.
e5 Ne8 11. cxd5 cxd5 12. Nb1 Rc8 13. Qd1 b5 14. a3 a5 15. Nc3 b4 16. axb4 axb4 17. Ne2 Nb8 18. Qd3 Qc7 19. Nf4 Qc2 20.
Qe3 Nc7 21. Re1 Nc6 22. Bf1 Qe4 23. Qb3 Nxd4 24. Nxd4 Qxd4 25. Be3 Qxe5 26. Bc5 Qf6 27. Nh5 Qg5 28. h4 Qxh5 29. Bxe7 Rfe8 30.
Qxb4 Ba8 31. g4 Qh6 32. Bd3 e5 33. Rxe5 Qc6 34. Qf4 f6 35. Ree1 Kf7 36. Rac1 Ne6 37. Qd2 Qd7 38. Rxc8 Qxc8 39. Bxf6 gxf6 40. Bf5 Re7 41.
Qh6 Qg8 42. Qe3 Qe8 43. Qh6 Ng7 44. Rxe7+ Qxe7 45. Qxh7 Qe1+ 46. Kh2 Qxf2+ 47. Kh3 Qf3+ 1/2-1/2

[Event "Schack-SM 2024: Mastarklassen"]
[Site "Fortnox Arena, Hejaregatan 5, Vaxjo, Sweden"]
[Date "2024.07.07"]
[Round "9.2"]
[White "Mashhadi, Peyman"]
[Black "Landgren, Andreas"]
[Result "0-1"]
[TimeControl "90 minutes for 40 moves + 30 minutes for the rest of the game + 30 seconds per move from move one."]
[BlackTitle "FM"]
[WhiteElo "2116"]
[BlackElo "2243"]

1. e4 c5 2. Nf3 d6 3. c3 Nf6 4. h3 g6 5. Bd3 Bg7 6. O-O O-O 7. Bc2 e5 8. Re1 Nc6 9. d3 h6 10.
Nbd2 d5 11. Qe2 d4 12. a4 Be6 13. Bb3 Qd7 14. Nc4 Nh5 15. Rd1 Kh7 16. Kh2 Rae8 17. Nh4 Qd8 18. Nf3 f5 19. exf5 Bxf5 20.
Bc2 Nf4 21. Qf1 Nxd3 22. Bxd3 Bxd3 23. Qxd3 e4 24. Qf1 exf3 25. g3 Re2 26. Rd3 Qd5 27. Nd2 Ne5 28. c4 Qe6 29. Rb3 Re1 0-1

[Event "Schack-SM 2024: Mastarklassen"]
[Site "Fortnox Arena, Hejaregatan 5, Vaxjo, Sweden"]
[Date "2024.07.06"]
[Round "8.1"]
[White "Ljung, Harald"]
[Black "Mashhadi, Peyman"]
[Result "1-0"]
[TimeControl "90 minutes for 40 moves + 30 minutes for the rest of the game + 30 seconds per move from move one."]
[WhiteElo "2101"]
[BlackElo "2116"]

1. c4 Nf6 2. Nc3 g6 3. g3 Bg7 4. Bg2 O-O 5. d3 d6 6. Rb1 a5 7. a3 Nc6 8. b4 axb4 9. axb4 e5 10.
e3 Bg4 11. Qb3 Qc8 12. Bb2 Bf5 13. Nb5 Re8 14. e4 Bd7 15. Ne2 h5 16. h4 Nd8 17. O-O Qb8 18. Ra1 Rxa1 19. Rxa1 Bg4 20. Qc2 c6 21. Nbc3 Nd7 22.
Qa4 Bh6 23. Nc1 g5 24. hxg5 Bxg5 25. Qa8 Qc7 26. Nb3 h4 27. gxh4 Bxh4 28. Qa5 Qc8 29. f3 Be6 30. Kf1 Nf6 31.
Ke2 Nh5 32. Kd2 Nf4 33. Bf1 Kh7 34. Ne2 Ng6 35. f4 f5 36. fxe5 dxe5 37. Nc5 f4 38. Nxe6 Qxe6 39. Qc7+ Qf7 40.
Qxf7+ Nxf7 41. Bh3 f3 42. Ng1 Ng5 43. Bf5 Kh6 44. Ke3 f2 45. Ne2 Ne7 46. Rh1 Nxf5+ 47. exf5 Kg7 48. Nf4 Kf7 49.
Ng2 Bg3 50. Ke2 e4 51. d4 Nf3 52. d5 Nh2 53. Ne3 cxd5 54. cxd5 Rg8 55. Bd4 Nf3 56. Rh7+ Ke8 57. Bc5 Bh4 58.
d6 Kd8 59. Bb6+ Kc8 60. d7+ Kb8 61.
Rxh4 1-0

[Event "Schack-SM 2024: Mastarklassen"]
[Site "Fortnox Arena, Hejaregatan 5, Vaxjo, Sweden"]
[Date "2024.07.06"]
[Round "8.2"]
[White "Muntean, Victor"]
[Black "Tuomainen, Felix"]
[Result "0-1"]
[TimeControl "90 minutes for 40 moves + 30 minutes for the rest of the game + 30 seconds per move from move one."]
[BlackTitle "FM"]
[WhiteElo "2136"]
[BlackElo "2255"]

1. e4 c6 2. d4 d5 3. exd5 cxd5 4. Bd3 Nc6 5. c3 Qc7 6. h3 e6 7. Nf3 Bd6 8. O-O Nge7 9. Re1 O-O 10.
Bxh7+ Kxh7 11. Ng5+ Kg6 12. Qg4 f5 13. Qh4 Bd7 14. Qh7+ Kf6 15. Qh5 g6 16. Qh4 Rh8 17. Nh7+ Kg7 18.
Qh6+ Kg8 19. Nf6+ Kf7 20. Nh7 f4 21. Nd2 Rag8 22. Qh4 Kg7 0-1

[Event "Schack-SM 2024: Mastarklassen"]
[Site "Fortnox Arena, Hejaregatan 5, Vaxjo, Sweden"]
[Date "2024.07.06"]
[Round "8.3"]
[White "Landgren, Andreas"]
[Black "Mardell, Jimmy"]
[Result "1-0"]
[TimeControl "90 minutes for 40 moves + 30 minutes for the rest of the game + 30 seconds per move from move one."]
[WhiteTitle "FM"]
[WhiteElo "2243"]
[BlackElo "2186"]

1. d4 d5 2. c4 c6 3. Nf3 Nf6 4. Nc3 e6 5. Bg5 h6 6. Bh4 Nbd7 7. e3 Be7 8. Qc2 O-O 9. Bd3 dxc4 10.
Bxc4 b5 11. Be2 Bb7 12. O-O b4 13. Na4 c5 14. Nxc5 Nxc5 15. dxc5 Rc8 16. Rfd1 Qa5 17. Nd2 Rxc5 18. Nc4 Qc7 19.
b3 Ne4 20. Bg3 Nxg3 21. hxg3 Bf6 22. Rac1 a5 23. Bd3 Rc8 24. Be2 h5 25. Rd2 g6 26. Qd1 Bd5 27. Bd3 Qb7 28. Rdc2 Qc7 29.
Qe2 Bc3 30. e4 Bxc4 31. Bxc4 a4 32. Rd1 Rd8 33. Rcc1 a3 34. Rxd8+ Qxd8 35. Rd1 Bd4 36. Rd3 Kg7 37. Qd2 e5 38.
Qxb4 Ra5 39. Rf3 Ra7 40. Bd5 Qg5 41. Qc4 h4 42. gxh4 Qxh4 43. Bxf7 Rd7 44. Bd5 Qd8 45. Qa6 Rc7 46.
Qxa3 Ra7 47. Qb4 Qg5 48. Qf8+ 1-0

[Event "Schack-SM 2024: Mastarklassen"]
[Site "Fortnox Arena, Hejaregatan 5, Vaxjo, Sweden"]
[Date "2024.07.06"]
[Round "8.4"]
[White "Nygren, David"]
[Black "Collett, Peter"]
[Result "1/2-1/2"]
[TimeControl "90 minutes for 40 moves + 30 minutes for the rest of the game + 30 seconds per move from move one."]
[BlackTitle "CM"]
[WhiteElo "2132"]
[BlackElo "2116"]

1. e4 e5 2. Nf3 Nc6 3. Bb5 a6 4. Ba4 Nf6 5. Bxc6 dxc6 6. d3 Nd7 7. Nbd2 Bd6 8. Nc4 f6 9. Qe2 c5 10.
Bd2 Nf8 11. Nh4 g6 12. Bh6 Qe7 13. g4 Ne6 14. Ng2 Nf4 15. Nxf4 exf4 16. g5 Be5 17. Rg1 Be6 18. gxf6 Qxf6 19.
Nxe5 Qxe5 20. O-O-O O-O-O 21. Qd2 g5 22. Bxg5 Rdf8 23. Qa5 Bd7 24. f3 h6 25. d4 Qe8 26.
Bh4 Bb5 27. dxc5 Qh5 28. Rg7 Qxc5 29. Rd5 Qe3+ 30. Kb1 b6 31. Qb4 Rhg8 32. a4 c5 33. Rxg8 Rxg8 34. Qd2 Rg1+ 35. Ka2 Bc4+ 36.
b3 Bxd5 37. Qxd5 Qd4 38. Qc6+ Kb8 39. Qxb6+ Kc8 40. Qc6+ Kb8 41. Qb6+ Kc8 42. Qxa6+ Kb8 43. Qb5+ Kc8 44. Qc6+ Kb8 45.
Qe8+ Kc7 46. Qe7+ Kc6 47. Qe8+ Kc7 48. Qe7+ Kc6 49. Qe8+ Kc7 50. Qe7+ 1/2-1/2

[Event "Schack-SM 2024: Mastarklassen"]
[Site "Fortnox Arena, Hejaregatan 5, Vaxjo, Sweden"]
[Date "2024.07.06"]
[Round "8.5"]
[White "Joensson, Jacob"]
[Black "Johnson, Daniel"]
[Result "1/2-1/2"]
[TimeControl "90 minutes for 40 moves + 30 minutes for the rest of the game + 30 seconds per move from move one."]
[WhiteElo "2068"]
[BlackElo "2126"]

1. d4 Nf6 2. c4 e6 3. Bf4 b6 4. e3 Bb7 5. Nf3 Bb4+ 6. Nfd2 O-O 7. a3 Bxd2+ 8. Nxd2 d6 9. Bg3 Nbd7 10.
f3 Qe7 11. Qc2 e5 12. O-O-O Rfe8 13. Kb1 a6 14. Nb3 Bc6 15. Nc1 b5 16. e4 bxc4 17. Qxc4 Bb5 18. Qxc7 Rec8 19. Qa5 Rab8 20.
Bxb5 axb5 21. Nd3 Ra8 22. Qb4 Ra4 23. Qxb5 Rxd4 24. Bf2 Rdc4 25. Rc1 Rxc1+ 26. Rxc1 Rb8 27. Qa6 Qf8 28. Rc7 Rd8 29. Qc6 d5 30. exd5 Nb8 31.
Qc5 Qe8 32. Re7 Qa4 33. Rxe5 Nbd7 34. Qc7 Qd1+ 35. Nc1 Rb8 36. Re2 Qxd5 37. Rc2 Qb5 38. Qc4 Qf5 39. Bg3 Re8 40. Qd3 Qa5 41.
Re2 Rc8 42. Rd2 Qa8 43. Nb3 h6 44. Rc2 Rd8 45. Bh4 Nc5 46. Qc4 Nxb3 47. Qxb3 Rb8 48. Qd3 Nd5 49. Rd2 Nb6 50. Qd8+ Kh7 51.
Qc7 Na4 52. Ka2 Nxb2 53. Rd8 Rxd8 54. Qxd8 Qb7 55. Qd4 Qb5 56. Qb4 Qe2 57. Qxb2 Qc4+ 58. Qb3 Qxh4 59. h3 Qf2+ 60. Qb2 Qc5 61.
Qe2 Qc3 62. Qb2 Qc4+ 63. Kb1 Qf1+ 64. Qc1 Qb5+ 65. Ka2 Qe2+ 66. Qb2 1/2-1/2

[Event "Schack-SM 2024: Mastarklassen"]
[Site "Fortnox Arena, Hejaregatan 5, Vaxjo, Sweden"]
[Date "2024.07.06"]
[Round "8.6"]
[White "Bjorkman, Filip"]
[Black "Dingertz, Erik"]
[Result "1/2-1/2"]
[TimeControl "90 minutes for 40 moves + 30 minutes for the rest of the game + 30 seconds per move from move one."]
[WhiteElo "2116"]
[BlackElo "2081"]

1. e4 e5 2. Nf3 Nc6 3. Bc4 Bc5 4. c3 Nf6 5. d4 exd4 6. e5 d5 7. Bb5 Ne4 8. cxd4 Bb6 9. Nc3 Bg4 10.
Be3 O-O 11. h3 Bh5 12. Qc2 Ba5 13. O-O Bxf3 14. gxf3 Nxc3 15. bxc3 Qd7 16. Kg2 Nxd4 17. cxd4 Qxb5 18. Rfb1 Qd7 19.
Rxb7 Bb6 20. a4 a5 21. Rb1 Qe6 22. f4 f5 23. Rc1 Rad8 24. Qc6 Qc8 25. Bd2 Rfe8 26. Kf3 Re6 27. Rb8 Rxc6 28.
Rxc8 Rxc8 29. Rxc6 Kf7 30. Ke3 Re8 31. Rc1 Re6 32. Rb1 Rc6 33. Rb5 Rc4 34. Bxa5 Rxd4 35. Bxb6 Re4+ 36. Kf3 cxb6 37.
Rxd5 Rxa4 38. Rb5 Ra3+ 39. Kg2 Ra6 40. Rd5 Ke7 41. Rd6 Ra4 1/2-1/2

[Event "Schack-SM 2024: Mastarklassen"]
[Site "Fortnox Arena, Hejaregatan 5, Vaxjo, Sweden"]
[Date "2024.07.06"]
[Round "8.7"]
[White "Liden, Tommy"]
[Black "Lind, Jan-Olov"]
[Result "0-1"]
[TimeControl "90 minutes for 40 moves + 30 minutes for the rest of the game + 30 seconds per move from move one."]
[WhiteElo "2123"]
[BlackElo "2135"]

1. e4 c5 2. Nf3 g6 3. c3 d5 4. e5 Nc6 5. d4 cxd4 6. cxd4 Bg4 7. Nbd2 Qa5 8. b4 Nxb4 9. Bb2 Rc8 10.
Rc1 Rxc1 11. Qxc1 Nxa2 12. Qc2 Bf5 13. Qb3 Nb4 14. Bc3 e6 15. h3 h5 16. Ng5 a6 17. Be2 Qa2 18. O-O Qxb3 19.
Nxb3 Nc6 20. Rc1 Ba3 21. Ra1 Be7 22. f4 f6 23. Nf3 fxe5 24. dxe5 h4 25. Be1 Kd7 26. Bf2 Be4 27. Nfd2 Bf5 28.
Nf3 Kc7 29. Rc1 Ba3 30. Ra1 Bb2 31. Ra2 Bc3 32. Nc5 Bb4 33. Ng5 Bxc5 34. Bxc5 Nh6 35. Bf2 Ng8 36. Nf3 Nge7 37. Bxh4 Be4 38.
Bf6 Bxf3 39. Bxh8 Bxe2 40. Rxe2 d4 41. Bf6 Nd5 42. Bg5 Nc3 43. Rd2 Ne4 44. Rd1 b5 45. Bh4 b4 46. Be1 a5 47.
g4 Nc3 48. Rd2 a4 49. h4 a3 50. h5 gxh5 51. gxh5 b3 52. h6 b2 53. h7 b1=Q 54. Rh2 Qxe1+ 55. Kg2 Ne4 0-1

[Event "Schack-SM 2024: Mastarklassen"]
[Site "Fortnox Arena, Hejaregatan 5, Vaxjo, Sweden"]
[Date "2024.07.06"]
[Round "8.8"]
[White "Willstedt, Lukas"]
[Black "Ask, Josef"]
[Result "0-1"]
[TimeControl "90 minutes for 40 moves + 30 minutes for the rest of the game + 30 seconds per move from move one."]
[BlackTitle "FM"]
[WhiteElo "2082"]
[BlackElo "2136"]

1. d4 Nf6 2. Bf4 b6 3. e3 Bb7 4. Nf3 e6 5. c4 Bb4+ 6. Nc3 Ne4 7. Qb3 Bxc3+ 8. bxc3 O-O 9. Be2 f5 10.
h4 Nc6 11. Ng5 Na5 12. Qb2 Nf6 13. Rg1 h6 14. Nh3 Ne4 15. h5 Qh4 16. c5 Rac8 17. O-O-O Bd5 18. g3 Qxh3 19. Rh1 Qg2 20.
Rhg1 Qxf2 0-1

[Event "Schack-SM 2024: Mastarklassen"]
[Site "Fortnox Arena, Hejaregatan 5, Vaxjo, Sweden"]
[Date "2024.07.06"]
[Round "8.9"]
[White "Lindborg, Patrik"]
[Black "Walinder, Lars"]
[Result "0-1"]
[TimeControl "90 minutes for 40 moves + 30 minutes for the rest of the game + 30 seconds per move from move one."]
[BlackTitle "FM"]
[WhiteElo "2162"]
[BlackElo "2233"]

1. d4 Nf6 2. c4 e6 3. Nf3 b6 4. g3 Ba6 5. Qc2 c5 6. d5 exd5 7. cxd5 Bb7 8. Nc3 Nxd5 9. Nxd5 Bxd5 10.
Bg2 Be7 11. O-O Nc6 12. Rd1 Bxf3 13. Bxf3 Nd4 14. Rxd4 cxd4 15. Bxa8 Qxa8 16. Qf5 O-O 17. Qxd7 Qe4 18. Qb5 Rc8 19.
Bd2 h6 20. f3 Qe6 21. Qd3 Bf6 22. b3 Qe7 23. Rc1 Re8 24. Qc4 Qe5 25. Re1 Qf5 26. Qd3 Qc5 27. Rc1 Qa3 28. Rc2 Qe7 29.
Bf4 Qe6 30. Kg2 g5 31. Bc1 h5 32. Bb2 Qd5 33. Qc4 Qe5 34. Rd2 Qe3 35. Qc2 g4 36. Bc1 gxf3+ 37. exf3 Qe1 38. Ba3 Re3 39.
Rf2 d3 40. Qc8+ Re8 41. Qf5 Re2 0-1

[Event "Schack-SM 2024: Mastarklassen"]
[Site "Fortnox Arena, Hejaregatan 5, Vaxjo, Sweden"]
[Date "2024.07.06"]
[Round "8.10"]
[White "Granath, Jonas"]
[Black "Sundin, Emanuel"]
[Result "1/2-1/2"]
[TimeControl "90 minutes for 40 moves + 30 minutes for the rest of the game + 30 seconds per move from move one."]
[WhiteElo "1948"]
[BlackElo "2165"]

1. e4 e5 2. Nf3 Nc6 3. Bc4 Bc5 4. c3 Nf6 5. d4 exd4 6. cxd4 Bb4+ 7. Nbd2 d5 8. exd5 Nxd5 9. O-O O-O 10.
Ne4 Bg4 11. Be3 Be7 12. h3 Bh5 13. Ng3 Bg6 14. Qd2 Bf6 15. Rad1 Nce7 16. Bg5 c6 17. Bxf6 Nxf6 18. Ne5 Ne4 19.
Qf4 Nxg3 20. Nxg6 Ne2+ 21. Bxe2 Nxg6 22. Qf3 Qd6 23. Bc4 Rad8 24. Rfe1 Ne7 25. Re5 Rd7 26. Qe4 Ng6 27. Re8 Re7 28.
Rxe7 Nxe7 29. Re1 Nc8 30. Re3 Nb6 31. Bb3 Nc8 32. Qe5 g6 33. Qxd6 Nxd6 34. Re7 Rd8 35.
Kf1 Kf8 36. Rc7 Ke8 37. Ke2 Rd7 38. Rxd7 Kxd7 39. Kd3 f6 40. h4 h6 41. g3 Ke7 1/2-1/2